 Dungeon Crawl Stone Soup version 0.17.1-3-g152610e (webtiles) character file.

812669 Alarkh the Axe Maniac (level 27, -4/199 HPs)
             Began as a Mummy Skald on Apr 20, 2016.
             Was the Champion of Makhleb.
             Killed from afar by Wolygg the pandemonium lord (13 damage)
             ... with an orb of electricity
             ... in Pandemonium on Apr 23, 2016.
             The game lasted 06:10:37 (98076 turns).

Alarkh the Axe Maniac (Mummy Skald)                Turns: 98076, Time: 06:10:38

Health: -4/199     AC: 25    Str: 25    XL:     27
Magic:  40/45      EV: 18    Int: 24    God:    Makhleb [******]
Gold:   1877       SH:  0    Dex: 17    Spells: 10 memorised, 28 levels left

rFire  + + +     SeeInvis +     a - +9 executioner's axe (flame)
rCold  + + +     Clarity  .     d - +8 fire dragon armour "Winut" {*Drain rPois rF++ rC- rN+ Slay+2}
rNeg   + + +     SustAt   .     (shield currently unavailable)
rPois  ∞         Gourm    .     g - -2 hat of the Alchemist {rElec rPois rF+ rC+ rN+ MR+ rMut rCorr}
rElec  +         Spirit   .     p - +0 cloak of Midsummer {Dex+4 Slay+2 Stlth-}
rCorr  +         Warding  .     O - +2 pair of gloves {Str+3}
rMut   +         Stasis   .     T - +0 pair of boots of Arus {rC+ MR+ Str+3}
MR     +++++                    r - amulet of regeneration
Stlth  +.........               s - ring "Henomiq" {rF+ Int+2 SInv}
                                o - ring of the Octopus King {rC+ AC+1 EV+1 Str+1 Int+1 Dex+1}

@: about to teleport, contaminated, hasted, glowing, very quick, almost entirely
resistant to hostile enchantments, very unstealthy
A: no food or potions, fire vulnerability, cold resistance 1, negative energy
resistance 3, torment resistance, unbreathing, in touch with death 2, restore
body
a: Self-Restoration, Minor Destruction, Lesser Servant of Makhleb, Major
Destruction, Greater Servant of Makhleb, Renounce Religion
}: 5/15 runes: serpentine, barnacled, slimy, golden, abyssal


You were in Pandemonium.
You worshipped Makhleb.
Makhleb was exalted by your worship.
You were not hungry.

You visited 14 branches of the dungeon, and saw 66 of its levels.
You visited Pandemonium 1 time, and saw 1 of its levels.
You visited the Abyss 2 times.
You visited 3 bazaars.
You also visited: Labyrinth, Trove, Bailey, Ice Cave and Volcano.

You collected 41554 gold pieces.
You spent 18232 gold pieces at shops.
You paid 21178 gold pieces to Gozag.

Inventory:

Hand Weapons
 a - a +9 executioner's axe of flaming (weapon)
 b - a +9 executioner's axe of flaming
Missiles
 u - 7 throwing nets (quivered)
Armour
 d - the +8 fire dragon armour "Winut" (worn) {*Drain rPois rF++ rC- rN+ Slay+2}
   (You bought it in a shop on level 1 of the Lair of Beasts)

   It affects your accuracy and damage with ranged weapons and melee attacks
   (+2).
   It greatly protects you from fire.
   It makes you vulnerable to cold.
   It protects you from poison.
   It protects you from negative energy.
   It causes draining when unequipped.
 g - the -2 hat of the Alchemist (worn) {rElec rPois rF+ rC+ rN+ MR+ rMut rCorr}
   (You bought it in a shop on level 1 of the Lair of Beasts)

   It protects you from fire.
   It protects you from cold.
   It insulates you from electricity.
   It protects you from poison.
   It protects you from negative energy.
   It affects your resistance to hostile enchantments.
   It protects you from acid and corrosion.
   It protects you from mutation.
 p - the +0 cloak of Midsummer (worn) {Dex+4 Slay+2 Stlth-}
   (You bought it in a shop on level 1 of the Lair of Beasts)

   It affects your dexterity (+4).
   It affects your accuracy and damage with ranged weapons and melee attacks
   (+2).
   It makes you less stealthy.
 O - a +2 pair of gloves of strength (worn)
 T - the +0 pair of boots of Arus (worn) {rC+ MR+ Str+3}
   (You bought it in a shop in a bazaar)

   It affects your strength (+3).
   It protects you from cold.
   It affects your resistance to hostile enchantments.
Magical Staves
 w - an uncursed staff of wizardry
Jewellery
 c - an uncursed amulet of clarity
 e - the amulet of the Air {Inacc +Fly rElec EV+5 RMsl}
   (You bought it in a shop on level 1 of the Lair of Beasts)

   [amulet of inaccuracy]

   It reduces the accuracy of all your attacks.
   It affects your evasion (+5).
   It insulates you from electricity.
   It lets you fly.
   It protects you from missiles.
 f - an uncursed ring of flight
 n - the ring "Ycuan" {SustAt rPois Int+7}
   (You bought it in a shop on level 1 of the Lair of Beasts)

   [ring of sustain attributes]

   It sustains your strength, intelligence and dexterity.
   It affects your intelligence (+7).
   It protects you from poison.
 o - a ring of the Octopus King (left hand) {rC+ AC+1 EV+1 Str+1 Int+1 Dex+1}
   (You bought it in a shop on level 1 of the Lair of Beasts)

   [ring of protection from cold]

   It affects your AC (+1).
   It affects your evasion (+1).
   It affects your strength (+1).
   It affects your intelligence (+1).
   It affects your dexterity (+1).
   It protects you from cold.
 r - an amulet of regeneration (around neck)
 s - the ring "Henomiq" (right hand) {rF+ Int+2 SInv}
   (You found it on level 3 of the Crypt)

   [ring of protection from fire]

   It affects your intelligence (+2).
   It protects you from fire.
   It lets you see invisible.
 A - the ring of Yjial {+/*Tele Dex+3}
   (You bought it in a shop in a bazaar)

   [ring of teleportation]

   It may teleport you next to monsters, and can be evoked to randomly teleport.
   It affects your dexterity (+3).
Wands
 m - a wand of invisibility (3)
 K - a wand of digging (8)
 M - a wand of disintegration (10)
 S - a wand of hasting (1)
 W - a wand of teleportation (5)
Scrolls
 h - 14 scrolls of fog
 i - a scroll of fear
 k - 5 scrolls of identify
 l - 38 scrolls of remove curse
 y - 2 scrolls of torment
 C - a scroll of silence
 D - a scroll of recharging
 J - 5 scrolls of magic mapping
 L - 4 scrolls of teleportation
Miscellaneous
 E - a phantom mirror
 H - a plain deck of escape {the Shaft}
 I - a fan of gales
 V - a crystal ball of energy
 X - a legendary deck of summoning {the Crusade}


   Skills:
 - Level 12.8 Fighting
 O Level 27 Axes
 - Level 10.9 Armour
 - Level 10.7 Dodging
 - Level 9.0 Stealth
 + Level 18.6 Spellcasting
 - Level 15.0 Charms
 * Level 22.1 Air Magic
 - Level 9.1 Evocations


You had 28 spell levels left.
You knew the following spells:

 Your Spells              Type           Power        Failure   Level  Hunger
a - Shroud of Golubria    Chrm/Tloc      ######....   1%          2    N/A
b - Blink                 Tloc           N/A          10%         2    N/A
c - Tornado               Air            #######...   58%         9    N/A
d - Repel Missiles        Chrm/Air       ######       0%          2    N/A
e - Spectral Weapon       Hex/Chrm       ######..     1%          3    N/A
f - Haste                 Chrm           #######.     1%          6    N/A
g - Haunt                 Necr/Summ      ######....   100%        7    N/A
h - Summon Butterflies    Summ           ###.....     6%          1    N/A
i - Apportation           Tloc           ###.......   6%          1    N/A
s - Song of Slaying       Chrm           #######.     0%          2    N/A

Dungeon Overview and Level Annotations

Branches:
Dungeon (15/15)            Temple (1/1) D:5            Lair (8/8) D:10
 Shoals (4/4) Lair:5        Snake (4/4) Lair:6        Slime (6/6) Lair:6
    Orc (4/4) D:9             Elf (3/3) Orc:4        Vaults (4/5) D:14
  Crypt (3/3) Vaults:3       Tomb (3/3) Crypt:3      Depths (5/5) D:15
   Hell (1/1)                 Dis (0/7) Hell            Geh (0/7) Hell
    Coc (0/7) Hell            Tar (0/7) Hell            Zot (5/5) Depths:5

Altars:
Ashenzari
Cheibriados
Dithmenos
Elyvilon
Fedhas
Gozag
Kikubaaqudgha
Makhleb
Nemelex Xobeh
Okawaru
Qazlal
Ru
Sif Muna
Trog
Vehumet
Xom
Yredelemnul
Zin
The Shining One
Jiyva

Shops:
D:4 *   D:9 [   D:15 [   Orc:1 [   Orc:4 *:([=   Elf:3 *   Lair:1 ?=*[[([=(*[([
Shoals:1 }   Vaults:2 *

Portals:
Hell: Depths:1 Depths:2 Depths:3 Depths:4 Depths:5
Abyss: Depths:2 Depths:4
Pandemonium: Depths:1 Depths:3 Depths:5
Ziggurat: Depths:1


Innate Abilities, Weirdness & Mutations

You do not eat or drink.
Your flesh is vulnerable to fire.
You are immune to poison.
Your flesh is cold resistant.
You are immune to negative energy.
You are immune to unholy pain and torment.
You can survive without breathing.
You are strongly in touch with the powers of death.
You can restore your body by infusing magical energy.


Message History

Makhleb accepts your kill.
You feel better.
The reaper hits you from afar with a scythe of slicing!!!
* * * LOW HITPOINT WARNING * * *
x2 You swap places.
You hear a grinding noise.
You hear a grinding noise.
Wolygg sneers, "Quit, thou mewling base-court crab-lanthorn!"
Wolygg gestures next to the chaos spawn.
You hear a grinding noise.
Read which item? (? for menu, Esc to quit)
As you read the scroll of teleportation, it crumbles to dust.
You feel strangely unstable.
Wolygg sneers, "Embrace thy fall, thou mewling beetle-headed bandersnitch!"
Wolygg gestures next to the chaos spawn.
Some weird stuff shatters into small pieces.
Wolygg gestures at you.
The orb of electricity explodes!
The orb of electricity engulfs you! You resist.
You die...

######### ######## ........#####
##.......### ...........##.
##..........##
.............#.##....2.......##
................@(......1.....##
#########..........3.####......#
#####........# ##....#
##.......# #.1..# #####......&.#
##....#
#####.............####.....#
#####..........#......##......##
............)(..........3....##
.............................#


You could see Wolygg, a reaper and a chaos spawn.

Vanquished Creatures
  the royal jelly (Slime:6)
  Khufu (Tomb:2)
  An orb of fire (Zot:4)
  3 ancient liches
  Mara (Crypt:2)
  Mennas (Depths:5)
  30 greater mummies
  Sojobo (Crypt:1)
  Boris (Crypt:1)
  Saint Roka (Crypt:2)
  5 caustic shrikes (Depths:4)
  2 curse toes (Zot:4)
  Geryon (Hell)
  8 golden dragons
  3 bone dragons
  13 liches
  3 electric golems
  Jorgrun (Tomb:1)
  10 tentacled monstrosities
  Rupert (Lair:7)
  8 Orb Guardians (Zot:5)
  2 titans
  Asterion (Elf:1)
  4 deep elf blademasters
  4 deep elf master archers (Elf:3)
  A Shadow Fiend (Pan)
  7 death cobs
  6 sphinxes
  A kraken (Shoals:3)
  Polyphemus (Shoals:2)
  24 acid blobs
  8 tentacled starspawn
  2 ancient champions
  The ghost of Ladykiller69 the Severer, an adept FoFi of Cheibriados (Elf:3)
  7 tengu reavers
  Roxanne (D:15)
  13 storm dragons
  9 draconian monks
  3 shadow dragons
  Ilsuiw (Shoals:4)
  9 azure jellies
  Wiglaf (Snake:3)
  5 revenants
  10 greater nagas
  11 fire giants
  Donald (D:14)
  7 frost giants
  5 iron dragons
  8 vault wardens
  A ghost moth (Depths:2)
  4 draconian knights
  10 draconian scorchers
  Aizul (Snake:3)
  Louise (D:14)
  A curse skull (Crypt:1)
  2 orc warlords
  A cacodemon (Hell)
  A ghoul (Crypt:3)
  8 deep elf sorcerers (Elf:3)
  7 draconian zealots
  2 draconian shifters
  10 ironheart preservers
  3 balrugs
  7 draconian annihilators
  6 reapers
  2 spriggan defenders (Depths:3)
  5 war gargoyles
  14 stone giants
  11 very ugly things
  11 deep elf demonologists
  8 bennus
  3 draconian callers (Zot:3)
  2 salamander firebrands (Hell)
  The ghost of DEFE the Protected, a journeyman MiFi of the Shining One (D:15)
  12 green draconians
  12 white draconians
  14 black draconians
  2 lorocyprocas
  10 yellow draconians
  12 mottled draconians
  5 vampire knights
  A chaos champion (Pan)
  12 purple draconians
  14 deep elf annihilators
  7 red draconians
  29 mummy priests
  13 ettins
  A minotaur (Lab)
  Snorg (D:10)
  3 green deaths
  11 deep elf death magi
  3 eidola
  16 fire dragons
  A fire dragon (shapeshifter) (Depths:2)
  5 merfolk javelineers
  5 jiangshi
  10 merfolk impalers
  5 crystal guardians
  13 vault guards
  Josephine (Lair:5)
  A blizzard demon (Abyss:3)
  7 deep elf high priests
  6 death oozes (Slime:6)
  2 quicksilver dragon skeletons
  9 rakshasas
  The ghost of Tobisume the Fighter, a journeyman DsFi of Qazlal (Orc:1)
  11 entropy weavers
  20 yaktaur captains
  Erolcha (D:11)
  A death knight (Crypt:1)
  7 ice dragons
  13 great orbs of eyes
  A hell beast (Pan)
  36 naga warriors
  A spectral sphinx (Depths:1)
  An ice dragon (shapeshifter) (Depths:2)
  6 centaur warriors
  12 merfolk aquamancers
  3 merfolk avatars (Shoals:4)
  3 spriggan air magi
  An alligator (shapeshifter) (Depths:2)
  9 anacondas
  2 alligator snapping turtles
  Erica (D:8)
  5 hydras
  A queen ant (D:7)
  2 catoblepae
  The ghost of MirrMurr the Ripper, a journeyman FeBe of Trog (Orc:2)
  24 death yaks
  2 satyrs
  11 ogre magi
  3 tengu warriors
  The ghost of Tobisume the Carver, a novice DsGl of Okawaru (Orc:4)
  9 deep troll shamans
  7 hell hogs (Hell)
  26 naga sharpshooters
  A titan zombie (Tomb:3)
  6 shock serpents
  Urug (D:15)
  4 soul eaters (Hell)
  12 spriggan berserkers
  A dancing weapon (Elf:2)
  6 orc high priests
  4 vampire magi
  Sonja (D:11)
  2 titan skeletons
  Nergalle (D:12)
  3 fire crabs
  A spatial maelstrom (Abyss:3)
  17 hell knights
  3 wretched stars (Abyss:3)
  A salamander mystic (Snake:4)
  4 fire crabs (shapeshifter)
  5 sun demons
  36 skeletal warriors
  12 deep troll earth magi
  7 iron trolls
  20 sea snakes
  13 ice devils
  30 deep elf knights
  A death drake (shapeshifter) (Depths:2)
  5 death drakes
  4 anaconda zombies
  52 starcursed masses
  A gelid demonspawn (Pan)
  4 shadow wraiths
  17 death scarabs
  7 unseen horrors
  6 giant orange brains
  6 lindwurms
  7 ironbrand convokers
  15 naga ritualists
  6 hill giants
  An anaconda skeleton (Crypt:3)
  19 necromancers
  3 deep elf summoners (Elf:2)
  9 flayed ghosts
  6 wizards
  7 phantasmal warriors
  2 lindwurms (shapeshifter)
  A golden dragon skeleton (Crypt:3)
  2 shadow dragon zombies
  11 deep trolls
  A putrid demonspawn (Depths:5)
  14 griffons
  20 anubis guards
  3 wolf spider zombies
  14 deep elf conjurers
  5 iron dragon zombies
  4 hornets
  3 wolf spiders
  12 salamanders
  44 ugly things
  19 orc knights
  2 stone giant zombies (Crypt:3)
  A hill giant (shapeshifter) (Vaults:3)
  2 shadow dragon skeletons
  6 orc sorcerers
  A harpy (shapeshifter) (Vaults:2)
  2 frost giant zombies (Vaults:2)
  16 harpies
  4 sixfirhies
  2 fire giant zombies
  14 mana vipers
  2 salamanders (shapeshifter)
  3 water nymphs
  6 cyclopes
  2 manticores (shapeshifter)
  11 guardian serpents
  162 slime creatures
  An elephant (shapeshifter) (Vaults:2)
  11 manticores
  10 shining eyes
  18 fauns
  3 worldbinders
  A frost giant skeleton (Depths:1)
  An iron dragon skeleton (Crypt:3)
  2 apocalypse crabs (Abyss:3)
  A shock serpent zombie (Crypt:1)
  2 fire giant skeletons
  8 sirens
  3 elephants (Lair:8)
  2 stone giant skeletons
  17 moths of wrath
  A molten gargoyle (Hell)
  A guardian serpent (shapeshifter) (D:15)
  A titan simulacrum (Crypt:2)
  3 human skeletons
  A black mamba (shapeshifter) (Vaults:1)
  5 ice statues
  30 naga magi
  32 black mambas
  2 eyes of devastation
  45 yaktaurs
  8 rust devils
  23 spiny frogs
  3 orange demons
  18 smoke demons
  A dire elephant skeleton (Hell)
  An efreet (Depths:2)
  2 gargoyles
  2 kobold demonologists (Vaults:3)
  A spiny frog (shapeshifter) (D:15)
  13 vault sentinels
  4 anaconda simulacra
  2 hellions
  A yaktaur zombie (Depths:1)
  12 trolls
  5 komodo dragons
  3 fire drakes
  A komodo dragon (shapeshifter) (Vaults:2)
  12 deep elf priests
  A catoblepas skeleton (Tomb:3)
  A death yak zombie (Crypt:2)
  A troll (shapeshifter) (D:15)
  2 hydra zombies (Hell)
  7 hellwings
  43 guardian mummies
  3 tormentors (Pan)
  2 ancient zymes
  17 blue devils
  A demonic crawler (Abyss:1)
  28 merfolk
  6 red devils
  A harpy zombie (Abyss:3)
  2 shadow dragon simulacra
  20 two-headed ogres
  3 tengu conjurers
  5 freezing wraiths
  2 polar bears
  2 wind drakes (shapeshifter) (Vaults:2)
  5 jumping spiders
  Grinder (D:3)
  10 boulder beetles
  Prince Ribbit (D:9)
  A frost giant simulacrum (Depths:2)
  22 raiju
  4 wind drakes
  2 fire dragon zombies
  6 ushabtiu (Tomb:1)
  32 blink frogs
  4 ettin zombies
  5 hydra skeletons
  2 alligator zombies (Hell)
  15 snapping turtles
  A trapdoor spider (D:11)
  69 flying skulls
  3 air elementals (Depths:5)
  19 redbacks
  An ice dragon zombie (Crypt:3)
  2 fire dragon skeletons
  4 tarantellas
  8 ynoxinuls
  2 vampires
  An alligator skeleton (Hell)
  5 fire bats
  3 ice dragon skeletons
  A hog (shapeshifter) (Abyss:3)
  4 wyverns
  13 water elementals
  17 wraiths
  39 yaks
  2 black mamba skeletons
  10 shadows
  A basilisk (Lair:1)
  16 humans
  33 deep elf magi
  9 hippogriffs
  11 spriggans
  37 deep elf fighters
  5 hungry ghosts
  A dire elephant simulacrum (Crypt:2)
  21 large abominations
  Grum (D:8)
  4 fire elementals
  A yaktaur simulacrum (Vaults:1)
  A fire bat (shapeshifter) (Depths:4)
  11 golden eyes
  2 spatial vortices (Abyss:3)
  A hill giant skeleton (Crypt:2)
  5 neqoxecs
  23 vampire mosquitoes
  2 mottled dragons
  11 chaos spawn
  92 nagas
  14 wargs
  20 water moccasins
  12 hell hounds
  20 soldier ants
  17 wolves
  12 ice beasts
  2 sky beasts
  7 eyes of draining
  10 porcupines
  12 wasps
  A hydra simulacrum (Crypt:2)
  2 black bears
  8 spiders (Snake:2)
  4 phantoms
  2 necrophages
  2 swamp drakes (Depths:5)
  A manticore zombie (Hell)
  A swamp dragon zombie (Crypt:3)
  A lindwurm zombie (Crypt:1)
  A ghost crab zombie (Crypt:1)
  59 orc warriors
  An ice dragon simulacrum (Tomb:3)
  The ghost of Shotgun the Ducker, an amateur DrTm (D:4)
  12 centaurs
  2 snapping turtle skeletons
  52 ogres
  18 boggarts
  The ghost of bollicks1999 the Sneak, an amateur OpAs (D:3)
  17 crocodiles
  19 giant frogs
  2 brain worms
  3 human zombies
  An earth elemental (Lab)
  A dryad skeleton (Crypt:1)
  5 wyvern skeletons
  2 spriggan zombies
  A raiju zombie (Crypt:1)
  4 scorpions
  2 human simulacra
  2 elf zombies
  15 killer bees
  13 small abominations
  11 wights
  4 electric eels
  5 draconian simulacra (IceCv)
  19 orc priests
  A giant frog zombie (D:11)
  10 crimson imps
  2 centaur zombies
  4 iron imps
  A jelly (shapeshifter) (Vaults:4)
  A soldier ant zombie (Crypt:2)
  4 giant frog skeletons
  5 iguanas
  37 jellies
  20 orc wizards
  5 hell rats (Hell)
  2 centaur skeletons
  34 worker ants
  12 hounds
  3 troll simulacra
  6 lightning spires (Abyss:3)
  15 sheep
  4 quasits
  A dwarf zombie (Crypt:1)
  A centaur simulacrum (IceCv)
  2 tengu skeletons
  2 hound skeletons
  4 hound zombies
  57 mummies
  A worker ant zombie (D:11)
  3 gnolls
  An ogre simulacrum (IceCv)
  46 river rats
  A naga simulacrum (IceCv)
  5 shadow imps
  15 adders
  5 white imps
  3 ufetubi
  4 oozes
  An adder zombie (D:9)
  A halfling skeleton (Crypt:2)
  5 worms
  An adder skeleton (D:5)
  4 giant geckos
  171 orcs
  13 hobgoblins
  A jackal (D:6)
  A ball python (D:2)
  2 bats
  7 giant cockroaches
  7 giant newts
  13 goblins
  2 goblin zombies (D:4)
  11 kobolds
  2 kobold skeletons (D:4)
  A kobold zombie (D:4)
  An orc skeleton (D:4)
  An orc zombie (D:4)
  4 quokkas
  2 quokka skeletons
  4 rats
  A rat skeleton (Crypt:1)
  A rat zombie (Crypt:2)
  12 fungi
  A lurking horror (Abyss:3)
  39 plants
  8 starspawn tentacles
  3 tentacles (Shoals:3)
3714 creatures vanquished.

Vanquished Creatures (collateral kills)
  Nikola (Snake:4)
  A bennu (Tomb:2)
  Azrael (Orc:4)
  A hydra (D:12)
  A naga warrior (Snake:4)
  An ironbrand convoker (Vaults:3)
  An ugly thing (Vaults:4)
  A merfolk (Shoals:1)
  A troll (D:10)
  A blink frog (Lair:6)
  A yak (Lair:5)
  A naga (Snake:4)
  A porcupine (Lair:7)
  An orc warrior (Vaults:1)
  An ogre (Depths:1)
  3 plants
18 creatures vanquished.

Vanquished Creatures (others)
  An ancient lich (Zot:5)
  2 eldritch tentacles
  A death cob (Zot:4)
  2 fire giants
  A frost giant (Vaults:4)
  2 draconian scorchers
  An ironheart preserver (Vaults:1)
  A stone giant (Vaults:2)
  A bennu (Tomb:2)
  An ettin (Vaults:4)
  A merfolk aquamancer (Shoals:3)
  25 dancing weapons
  56 death scarabs (Tomb:2)
  2 sirens
  A moth of wrath (Zot:2)
  A fire giant skeleton (Tomb:2)
  A guardian serpent (Snake:4)
  A storm dragon simulacrum (Tomb:3)
  A naga (D:15)
  3 flying skulls (Tomb:2)
  2 snapping turtle skeletons
  A big kobold (Hell)
  2 mummies
  5 orcs
  175 eldritch tentacle segments
  17 fungi
  9 lost souls
  3 lurking horrors (Abyss:3)
  26 plants
  201 spectral weapons
  6 starspawn tentacles
  91 starspawn tentacle segments
  2 tentacles (Shoals:3)
  120 tentacle segments (Shoals:3)
765 creatures vanquished.

Grand Total: 4497 creatures vanquished

Notes
Turn   | Place    | Note
--------------------------------------------------------------
     0 | D:1      | Alarkh the Mummy Skald began the quest for the Orb.
     0 | D:1      | Reached XP level 1. HP: 16/16 MP: 3/3
   432 | D:1      | Reached XP level 2. HP: 17/22 MP: 0/5
   531 | D:1      | Learned a level 2 spell: Song of Slaying
   534 | D:1      | Learned a level 2 spell: Shroud of Golubria
  1122 | D:2      | Reached XP level 3. HP: 19/27 MP: 3/6
  1276 | D:2      | Reached skill level 3 in Axes
  1491 | D:1      | HP: 1/27 [adder (4)]
  1921 | D:2      | Reached XP level 4. HP: 20/33 MP: 0/7
  2280 | D:3      | Noticed bollicks1999's ghost (amateur OpAs)
  2602 | D:3      | Found a glowing silver altar of Zin.
  2603 | D:3      | Found an opulent altar of Gozag.
  2608 | D:3      | Became a worshipper of Gozag Ym Sagoz the Greedy
  2757 | D:3      | Noticed Grinder
  2839 | D:4      | Reached skill level 4 in Axes
  2910 | D:4      | Noticed Shotgun's ghost (amateur DrTm)
  3016 | D:4      | Reached XP level 5. HP: 28/38 MP: 2/8
  3074 | D:4      | Found a glowing golden altar of the Shining One.
  3320 | D:4      | Reached skill level 5 in Axes
  3355 | D:4      | Learned a level 3 spell: Spectral Weapon
  3394 | D:4      | Found Usmap's Serpentskin Sales.
  3394 | D:4      | Noticed a water moccasin
  3394 | D:4      | Noticed a water moccasin
  3394 | D:4      | Noticed a water moccasin
  3403 | D:4      | Killed a water moccasin
  3403 | D:4      | Reached XP level 6. HP: 27/44 MP: 3/9
  3405 | D:4      | Killed a water moccasin
  3405 | D:4      | Reached skill level 6 in Axes
  3409 | D:4      | Killed a water moccasin
  3409 | D:4      | Reached XP level 7. HP: 25/50 MP: 1/10
  3420 | D:4      | Bought 8 curare-tipped needles for 52 gold pieces
  3420 | D:4      | Bought a +0 blowgun for 27 gold pieces
  3694 | D:3      | Killed Grinder
  3694 | D:3      | Reached skill level 7 in Axes
  3721 | D:3      | Killed bollicks1999's ghost
  3983 | D:4      | Found a bloodstained altar of Trog.
  3984 | D:4      | Found a burning altar of Makhleb.
  4058 | D:4      | Learned a level 1 spell: Summon Butterflies
  4102 | D:5      | Entered Level 5 of the Dungeon
  4363 | D:5      | Found a staircase to the Ecumenical Temple.
  4368 | D:5      | Reached skill level 8 in Axes
  4368 | D:5      | Reached XP level 8. HP: 47/56 MP: 7/11
  4378 | Temple   | Entered the Ecumenical Temple
  5222 | D:4      | Found a bloodstained altar of Trog.
  5225 | D:4      | Found a burning altar of Makhleb.
  5298 | D:4      | Killed Shotgun's ghost
  5720 | D:5      | Reached skill level 9 in Axes
  5822 | D:6      | Reached XP level 9. HP: 46/61 MP: 6/14
  6714 | D:7      | Found a sacrificial altar of Ru.
  6837 | D:7      | Found a shattered altar of Ashenzari.
  7756 | D:7      | Reached skill level 1 in Armour
  7756 | D:7      | Reached skill level 1 in Dodging
  7816 | D:8      | Found a basalt altar of Yredelemnul.
  7858 | D:8      | Reached skill level 10 in Axes
  7950 | D:8      | Found a blossoming altar of Fedhas.
  7992 | D:8      | Noticed Erica
  7998 | D:8      | Noticed Grum
  8224 | D:8      | Noticed a queen ant
  8825 | D:7      | Killed a queen ant
  8825 | D:7      | Reached skill level 5 in Spellcasting
  8825 | D:7      | Reached XP level 10. HP: 51/70 MP: 11/17
  9319 | D:8      | Reached skill level 5 in Charms
  9651 | D:8      | Found a deep blue altar of Sif Muna.
  9653 | D:8      | Found a radiant altar of Vehumet.
  9653 | D:8      | Found an ancient bone altar of Kikubaaqudgha.
  9658 | D:8      | Identified Sif Muna's Volume of Hexes
  9665 | D:8      | Identified Vehumet's Disquisition on Confrontation
  9674 | D:8      | Identified Kikubaaqudgha's Collected Works on Dark Rites
  9933 | D:8      | Found a snail-covered altar of Cheibriados.
  9974 | D:9      | Found a staircase to the Orcish Mines.
 10092 | D:9      | Found Wuedacyry's Armour Shoppe.
 10189 | D:9      | Reached XP level 11. HP: 51/78 MP: 13/19
 10297 | D:9      | Found a sparkling altar of Nemelex Xobeh.
 10506 | D:9      | Reached skill level 11 in Axes
 10520 | D:9      | Noticed Prince Ribbit
 10725 | D:10     | Entered Level 10 of the Dungeon
 10832 | D:10     | Found a staircase to the Lair.
 10941 | Lair:1   | Entered Level 1 of the Lair of Beasts
 10994 | Lair:1   | Reached skill level 5 in Fighting
 12063 | Lair:2   | Learned a level 1 spell: Apportation
 12071 | Lair:2   | Learned a level 7 spell: Haunt
 13140 | Lair:1   | Bought a scorched cloak for 294 gold pieces
 13150 | Lair:1   | Identified the cursed +0 cloak of Midsummer {Dex+4 Slay+2 Stlth-} (You bought it in a shop on level 1 of the Lair of Beasts)
 13154 | Lair:1   | Bought a scroll labeled JELYXU LITWISU for 34 gold pieces
 13156 | Lair:1   | Bought a glowing war axe for 119 gold pieces
 13184 | Lair:1   | Bought a glowing ring mail for 124 gold pieces
 13184 | Lair:1   | Bought a glowing leather armour for 62 gold pieces
 13184 | Lair:1   | Bought an embroidered cloak for 139 gold pieces
 13184 | Lair:1   | Bought an embroidered cloak for 139 gold pieces
 13463 | Lair:3   | Noticed a death yak
 13467 | Lair:3   | Noticed a death yak
 13467 | Lair:3   | Noticed a death yak
 13467 | Lair:3   | Noticed a death yak
 13468 | Lair:3   | Noticed a death yak
 13568 | Lair:2   | Killed a death yak
 13568 | Lair:2   | Reached XP level 12. HP: 65/89 MP: 12/21
 13619 | Lair:3   | Noticed an eight-headed hydra
 13847 | Lair:3   | Noticed a death yak
 14183 | D:10     | Reached skill level 12 in Axes
 14271 | D:10     | Reached skill level 5 in Armour
 14437 | D:10     | Noticed a hill giant
 14466 | D:10     | Killed a hill giant
 14598 | D:10     | Reached skill level 5 in Dodging
 14619 | D:10     | Noticed Snorg
 14627 | D:10     | Killed Snorg
 14888 | D:9      | Killed Prince Ribbit
 14917 | D:9      | Found Wuedacyry's Armour Shoppe.
 15166 | D:8      | Found a deep blue altar of Sif Muna.
 15168 | D:8      | Found a radiant altar of Vehumet.
 15168 | D:8      | Found an ancient bone altar of Kikubaaqudgha.
 15305 | D:8      | Found a snail-covered altar of Cheibriados.
 15349 | D:8      | Found a blossoming altar of Fedhas.
 15379 | D:8      | Killed Grum
 15408 | D:8      | Found a basalt altar of Yredelemnul.
 15420 | D:8      | Killed Erica
 15483 | Orc:1    | Entered Level 1 of the Orcish Mines
 15486 | Orc:1    | Noticed Tobisume's ghost (journeyman DsFi)
 15498 | Orc:1    | Killed Tobisume's ghost
 15505 | Orc:1    | Found a flagged portal.
 15670 | Bailey   | Entered a bailey
 16702 | Orc:2    | Noticed MirrMurr's ghost (journeyman FeBe)
 16886 | Orc:1    | Found Xoseumo's Antique Armour Shop.
 17104 | Orc:2    | Killed MirrMurr's ghost
 17195 | Orc:4    | Entered Level 4 of the Orcish Mines
 17195 | Orc:4    | Found a staircase to the Elven Halls.
 17268 | Orc:4    | Noticed Azrael
 17447 | Lair:2   | Killed a death yak
 17579 | Lair:3   | Killed an eight-headed hydra
 17579 | Lair:3   | Reached skill level 1 in Evocations
 17624 | Lair:3   | Killed a death yak
 17626 | Lair:3   | Killed a death yak
 17626 | Lair:3   | Gained mutation: You are in touch with the powers of death. [Mummy growth]
 17626 | Lair:3   | Gained mutation: You can restore your body by infusing magical energy. [Mummy growth]
 17626 | Lair:3   | Reached XP level 13. HP: 91/98 MP: 18/22
 17650 | Lair:3   | Killed a death yak
 17650 | Lair:3   | Reached skill level 13 in Axes
 17659 | Lair:3   | Killed a death yak
 19180 | Lair:5   | Noticed Josephine
 19282 | Lair:5   | Found a staircase to the Shoals.
 19292 | Lair:5   | Killed Josephine
 20078 | Lair:6   | Found a dark tunnel.
 20087 | Volcano  | Entered a volcano
 20608 | Lair:1   | Bought a twisted helmet for 256 gold pieces
 21219 | Lair:6   | Found a staircase to the Snake Pit.
 21424 | Lair:6   | Found a viscous altar of Jiyva.
 21424 | Lair:6   | Found a staircase to the Slime Pits.
 21428 | Lair:6   | Learned a level 2 spell: Repel Missiles
 21625 | Lair:7   | Reached XP level 14. HP: 103/108 MP: 19/23
 21768 | Lair:7   | Reached skill level 14 in Axes
 21844 | Lair:7   | Found a frozen archway.
 21895 | IceCv    | Entered an ice cave
 23114 | Lair:7   | Noticed Rupert
 23149 | Lair:7   | Killed Rupert
 23951 | Lair:8   | Entered Level 8 of the Lair of Beasts
 23964 | Lair:8   | Reached skill level 10 in Fighting
 24530 | Lair:8   | Reached skill level 15 in Axes
 24881 | Lair:8   | Reached XP level 15. HP: 59/115 MP: 12/24
 25642 | Lair:1   | Identified the +2 helmet of Ymerph {*Contam Regen+ rCorr Stlth+} (You bought it in a shop on level 1 of the Lair of Beasts)
 25645 | Lair:1   | Bought a +2 executioner's axe of chopping for 459 gold pieces
 25775 | D:11     | Noticed Sonja
 25927 | D:11     | Noticed Erolcha
 25936 | D:11     | Killed Erolcha
 25953 | D:11     | Found a labyrinth entrance.
 25965 | Lab      | Entered a labyrinth
 26588 | Lab      | Reached skill level 16 in Axes
 26592 | Lab      | Identified the Papyrus of the Oath
 26655 | D:11     | Killed Sonja
 27069 | D:12     | Noticed Nergalle
 27078 | D:12     | Killed Nergalle
 27629 | Orc:4    | Killed Azrael
 27645 | Orc:4    | Noticed Tobisume's ghost (novice DsGl)
 27673 | Orc:4    | Killed Tobisume's ghost
 27728 | Orc:4    | Found Wunnogga's General Store.
 27813 | Orc:4    | Found Hefih's Book Boutique.
 27861 | Orc:4    | Found Empatoe's Antique Armour Boutique.
 28068 | Orc:4    | Noticed an orc warlord
 28069 | Orc:4    | Found Umuga's Antique Weapon Shop.
 28069 | Orc:4    | Paralysed by an orc sorcerer for 5 turns
 28545 | Orc:3    | Killed an orc warlord
 28640 | Orc:4    | Found Cebam's Jewellery Boutique.
 28706 | Orc:4    | Reached skill level 17 in Axes
 28711 | Orc:4    | Bought an uncursed ring of sustain attributes for 227 gold pieces
 28711 | Orc:4    | Bought an uncursed amulet of clarity for 260 gold pieces
 28896 | Orc:4    | Bought the +5 robe of vines {NoDeviceHeal Regen+10} for 1111 gold pieces
 28896 | Orc:4    | Bought a pair of embroidered boots for 153 gold pieces
 30038 | D:14     | Found a gate to the Vaults.
 30038 | D:14     | Noticed Donald
 30486 | Orc:4    | Bought a pair of runed gloves for 153 gold pieces
 30486 | Orc:4    | Bought a distressingly furry cloak for 323 gold pieces
 30496 | Orc:4    | Identified the +0 cloak of the Thunderstorm {Slay+2} (You bought it in a shop on level 4 of the Orcish Mines)
 30822 | D:14     | Noticed Louise
 30838 | D:14     | Killed Louise
 30947 | D:15     | Entered Level 15 of the Dungeon
 31032 | D:15     | Noticed Roxanne
 31035 | D:15     | Noticed Urug
 31048 | D:15     | Noticed DEFE's ghost (journeyman MiFi)
 31052 | D:15     | Killed Urug
 31073 | D:15     | Killed DEFE's ghost
 31128 | D:15     | Found Bafeod's Specialty Armours.
 31144 | D:15     | Reached XP level 16. HP: 122/122 MP: 25/25
 31237 | D:14     | Killed Donald
 31587 | D:14     | Found a gateway to a bazaar.
 31708 | D:15     | Reached skill level 18 in Axes
 31745 | D:15     | Found a staircase to the Depths.
 32276 | D:15     | Got a pitted battleaxe
 32277 | D:15     | Identified the cursed +0 battleaxe "Kazxezig" {antimagic, Str+3 Int-3 SInv} (You found it on level 15 of the Dungeon)
 32396 | D:15     | Killed Roxanne
 32406 | D:15     | Identified Roxanne's Papyrus of Shifting Clay (You took it off Roxanne on level 15 of the Dungeon)
 32699 | Snake:1  | Entered Level 1 of the Snake Pit
 33109 | Snake:1  | Found a radiant altar of Vehumet.
 33505 | Snake:2  | Reached skill level 19 in Axes
 34592 | Snake:2  | Reached XP level 17. HP: 128/128 MP: 23/26
 35112 | Snake:3  | Noticed Aizul
 35123 | Snake:3  | Killed Aizul
 35493 | Snake:3  | Noticed Wiglaf
 35506 | Snake:3  | Killed Wiglaf
 35506 | Snake:3  | Reached skill level 20 in Axes
 36147 | Snake:4  | Entered Level 4 of the Snake Pit
 36359 | Snake:4  | Got a heavily jewelled robe
 36367 | Snake:4  | Noticed Nikola
 36381 | Snake:4  | Identified the +2 robe of the Equinox {Dex+4} (You found it on level 4 of the Snake Pit)
 36786 | Snake:4  | Reached skill level 21 in Axes
 37038 | Snake:4  | Reached XP level 18. HP: 132/134 MP: 10/27
 37200 | Snake:4  | Got a serpentine rune of Zot
 37559 | Snake:4  | Learned a level 6 spell: Haste
 37802 | Snake:4  | Reached skill level 22 in Axes
 37919 | Snake:4  | Killed Nikola
 38387 | Bazaar   | Entered a bazaar
 38389 | Bazaar   | Found Yhau's Food Emporium.
 38397 | Bazaar   | Found Tukofela's Book Shop.
 38438 | Bazaar   | Found Qyth's Food Shoppe.
 38446 | Bazaar   | Found Mozeaj's Book Boutique.
 38476 | Bazaar   | Bought a book of Minor Magic for 220 gold pieces
 38476 | Bazaar   | Bought a book of Annihilations for 1214 gold pieces
 38479 | Bazaar   | Learned a level 2 spell: Blink
 38684 | Vaults:1 | Entered Level 1 of the Vaults
 39413 | Vaults:1 | Got a scintillating turquoise ring
 39508 | Vaults:1 | Identified the ring "Boxtife" {rC+ Str+7 Dex-3} (You found it on level 1 of the Vaults)
 39553 | Vaults:1 | Reached XP level 19. HP: 140/140 MP: 22/28
 39980 | Vaults:2 | Reached skill level 23 in Axes
 40609 | Vaults:2 | Found Peohipn's General Store.
 41776 | Vaults:3 | Found a flickering gateway to a bazaar.
 41796 | Bazaar   | Entered a bazaar
 41796 | Bazaar   | Found Semattog's Jewellery Boutique.
 41796 | Bazaar   | Found Etwa's Distillery.
 41796 | Bazaar   | Found Qixailup's Armour Shop.
 41796 | Bazaar   | Found Leinusk's Magic Scroll Shoppe.
 41798 | Bazaar   | Found Tekk's Distillery.
 41838 | Bazaar   | Bought the ring of Shadows {Umbra +Inv rN+ SInv} for 408 gold pieces
 41838 | Bazaar   | Bought the ring of Yjial {+/*Tele Dex+3} for 277 gold pieces
 42367 | Vaults:3 | Reached skill level 24 in Axes
 42733 | Vaults:3 | Reached XP level 20. HP: 130/147 MP: 29/29
 42810 | Vaults:3 | Found a staircase to the Crypt.
 43450 | Vaults:4 | Reached skill level 1 in Stealth
 44159 | Vaults:4 | Reached skill level 5 in Evocations
 44543 | Lair:2   | Hired Gaganir the naga for 162 gold.
 44658 | Lair:1   | Bought the -2 hat of the Alchemist {rElec rPois rF+ rC+ rN+ MR+ rMut rCorr} for 991 gold pieces
 44932 | Shoals:1 | Entered Level 1 of the Shoals
 45026 | Lair:1   | Bought the +2 pair of boots of the Assassin {DetectMon Stab+ Stlth++} for 569 gold pieces
 45038 | Lair:1   | Bought a pitted ring mail for 207 gold pieces
 45038 | Lair:1   | Bought a transparent ring mail for 207 gold pieces
 45048 | Lair:1   | Identified the +2 ring mail of the Ban {rC+ Int+3} (You bought it in a shop on level 1 of the Lair of Beasts)
 45058 | Lair:1   | Identified the +5 ring mail of Otudeodu {*Confuse rElec rN+ Dex+4} (You bought it in a shop on level 1 of the Lair of Beasts)
 45546 | Depths:1 | Entered Level 1 of the Depths
 45573 | D:15     | Your ally Gaganir died
 45947 | D:15     | Reached skill level 25 in Axes
 46223 | Depths:1 | Reached XP level 21. HP: 122/153 MP: 30/30
 46309 | Depths:1 | Found a gateway to Hell.
 46441 | Depths:1 | Found a one-way gate leading to the halls of Pandemonium.
 46656 | Depths:1 | Found a gateway to a ziggurat.
 47043 | Depths:1 | Identified the Guide on Stolen Souls
 47852 | Depths:2 | Reached skill level 26 in Axes
 47863 | Depths:2 | Found a one-way gate to the infinite horrors of the Abyss.
 47895 | Depths:2 | Cast into the Abyss (war gargoyle)
 47895 | Abyss:1  | Found a corrupted altar of Lugonu.
 47940 | Abyss:1  | Got an ancient marble ring
 47941 | Abyss:1  | Identified the ring of Wiamowk {AC+4 Int+2 Dex+3} (You found it on level 1 of the Abyss)
 48144 | Depths:2 | Escaped the Abyss
 48601 | Lair:1   | Bought a pitted fire dragon armour for 1755 gold pieces
 48611 | Lair:1   | Identified the +8 fire dragon armour "Winut" {*Drain rPois rF++ rC- rN+ Slay+2} (You bought it in a shop on level 1 of the Lair of Beasts)
 48642 | Lair:1   | Bought a pair of glowing gloves for 94 gold pieces
 48642 | Lair:1   | Bought a pair of embroidered gloves for 94 gold pieces
 49004 | Shoals:1 | Found Jeoxt's Gadget Boutique.
 49618 | Shoals:2 | Noticed Polyphemus
 49656 | Shoals:2 | Killed Polyphemus
 50290 | Shoals:2 | You fall through a shaft!
 50335 | Shoals:3 | Found a flickering gateway to a bazaar.
 50344 | Bazaar   | Entered a bazaar
 50368 | Bazaar   | Found Rogaonye's Armour Emporium.
 50405 | Bazaar   | Found Cag Zul's Assorted Antiques.
 50421 | Bazaar   | Found Oggoupa's Book Shoppe.
 50464 | Bazaar   | Found Xor Zuel's Antique Armour Shoppe.
 50504 | Bazaar   | Found Buiryh's Food Emporium.
 50538 | Bazaar   | Bought a +2 pair of gloves of strength for 258 gold pieces
 50562 | Bazaar   | Bought a scroll labeled RIRIEM VOGADE for 22 gold pieces
 50562 | Bazaar   | Bought a hardcover book for 330 gold pieces
 50577 | Bazaar   | Bought a pair of jewelled boots for 199 gold pieces
 50587 | Bazaar   | Identified the +0 pair of boots of Arus {rC+ MR+ Str+3} (You bought it in a shop in a bazaar)
 51091 | Shoals:3 | Reached XP level 22. HP: 110/159 MP: 29/31
 51637 | Shoals:4 | Entered Level 4 of the Shoals
 51869 | Shoals:4 | Noticed Ilsuiw
 52253 | Shoals:4 | Killed Ilsuiw
 52916 | Shoals:4 | Reached skill level 27 in Axes
 53165 | Shoals:4 | Got a barnacled rune of Zot
 53388 | Shoals:4 | Reached skill level 1 in Air Magic
 53931 | Slime:1  | Entered Level 1 of the Pits of Slime
 54503 | Elf:1    | Entered Level 1 of the Elven Halls
 54532 | Elf:1    | Noticed Asterion
 54540 | Elf:1    | Killed Asterion
 55089 | Elf:1    | Found a deep blue altar of Sif Muna.
 55387 | Elf:2    | Found a huge runed gate.
 55387 | Elf:2    | Found a huge runed gate.
 55387 | Elf:2    | Found a huge runed gate.
 55387 | Elf:2    | Found a huge runed gate.
 55389 | Elf:2    | Found a huge runed gate.
 55514 | Elf:2    | Found an ancient bone altar of Kikubaaqudgha.
 56590 | Elf:2    | Reached skill level 5 in Stealth
 56777 | Elf:3    | Entered Level 3 of the Elven Halls
 57097 | Elf:3    | Found Xuank's General Store.
 57160 | Elf:3    | Noticed Ladykiller69's ghost (adept FoFi)
 57184 | Elf:3    | Killed Ladykiller69's ghost
 57184 | Elf:3    | Reached XP level 23. HP: 149/167 MP: 33/33
 57532 | Elf:3    | Found a portal to a secret trove of treasure.
 57749 | Elf:3    | Reached skill level 5 in Air Magic
 58061 | Elf:3    | Got a heavily runed sapphire amulet
 58528 | Elf:3    | Got an ichor-stained ring mail
 58552 | Elf:3    | Got a polished leather armour
 58553 | Elf:3    | Identified the amulet "Ocrik" {Ward rC+ rN+} (You took it off a deep elf demonologist on level 3 of the Elven Halls)
 58564 | Elf:3    | Identified the cursed +1 ring mail of Qyruamm {rPois rF+ rC+ SInv} (You found it on level 3 of the Elven Halls)
 58578 | Elf:3    | Identified the +2 leather armour of the Salmon {rN+ Str+3 Dex-4} (You found it on level 3 of the Elven Halls)
 58810 | Lair:1   | Bought a ring of the Octopus King {rC+ AC+1 EV+1 Str+1 Int+1 Dex+1} for 747 gold pieces
 60841 | Depths:4 | Reached XP level 24. HP: 142/176 MP: 35/35
 62460 | Depths:5 | Entered Level 5 of the Depths
 63349 | Depths:4 | Reached skill level 10 in Armour
 63371 | Depths:4 | Reached skill level 10 in Dodging
 63999 | Lair:1   | Bought the +18 shield of the gong {rElec rN+ MR+ EV-5} for 2627 gold pieces
 64001 | Lair:1   | Bought the amulet of the Air {Inacc +Fly rElec EV+5 RMsl} for 523 gold pieces
 64080 | Lair:1   | Bought the +2 shield of Resistance {rF+ rC+ MR+} for 1397 gold pieces
 64384 | Depths:2 | Voluntarily entered the Abyss.
 64384 | Abyss:1  | Found a corrupted altar of Lugonu.
 64912 | Abyss:3  | Found a corrupted altar of Lugonu.
 65496 | Abyss:3  | Found a snail-covered altar of Cheibriados.
 65870 | Abyss:3  | Found a corrupted altar of Lugonu.
 65875 | Abyss:3  | Reached XP level 25. HP: 185/185 MP: 36/36
 65919 | Abyss:3  | Found a corrupted altar of Lugonu.
 66242 | Abyss:3  | Got an abyssal rune of Zot
 66452 | Depths:2 | Escaped the Abyss
 66684 | Hell     | Entered the Vestibule of Hell
 66684 | Hell     | Noticed Geryon
 67151 | Hell     | Killed Geryon
 67428 | Hell     | Found a gateway to the decaying netherworld of Tartarus.
 67450 | Hell     | Reached skill level 10 in Spellcasting
 68133 | Crypt:1  | Entered Level 1 of the Crypt
 68151 | Crypt:1  | Noticed Boris
 68382 | Crypt:1  | Killed Boris
 68388 | Crypt:1  | Reached skill level 10 in Air Magic
 68777 | Crypt:1  | Noticed Sojobo
 68825 | Crypt:1  | Killed Sojobo
 69285 | Crypt:2  | Noticed Mara
 69299 | Crypt:2  | Killed Mara
 69720 | Crypt:2  | Reached skill level 10 in Charms
 69776 | Crypt:2  | Noticed Saint Roka
 69829 | Crypt:2  | Killed Saint Roka
 70287 | Crypt:3  | Entered Level 3 of the Crypt
 70306 | Crypt:2  | Found a basalt altar of Yredelemnul.
 70424 | Crypt:3  | Gained mutation: You are strongly in touch with the powers of death. [Mummy growth]
 70424 | Crypt:3  | Reached XP level 26. HP: 138/193 MP: 35/38
 70653 | Crypt:3  | Found a basalt altar of Yredelemnul.
 70653 | Crypt:3  | Noticed an ancient lich
 70657 | Crypt:3  | Killed an ancient lich
 70718 | Crypt:3  | Got a brightly glowing pewter amulet
 70718 | Crypt:3  | Got a warped granite ring
 70718 | Crypt:3  | Got a pitted bronze ring
 70720 | Crypt:3  | Got an ancient silver ring
 70733 | Crypt:3  | Identified the ring of Odghyi Ucij {rC+ rN+} (You found it on level 3 of the Crypt)
 70734 | Crypt:3  | Identified the amulet of Gecimi {Ward *Corrode rN+ MP+9 Str+3 Dex+4} (You found it on level 3 of the Crypt)
 70735 | Crypt:3  | Identified the ring of Asaobuqa {rPois rN+ Int+5 Dex+4} (You found it on level 3 of the Crypt)
 70736 | Crypt:3  | Identified the ring "Henomiq" {rF+ Int+2 SInv} (You found it on level 3 of the Crypt)
 71397 | Crypt:3  | Found a staircase to the Tomb.
 71849 | Tomb:1   | Entered Level 1 of the Tomb of the Ancients
 71923 | Tomb:1   | Noticed Jorgrun
 72242 | Tomb:1   | Killed Jorgrun
 73854 | Tomb:2   | Noticed an ancient lich
 74559 | Tomb:1   | Killed an ancient lich
 75729 | Tomb:1   | Reached XP level 27. HP: 152/197 MP: 36/39
 76351 | Tomb:1   | Reached skill level 15 in Air Magic
 76620 | Tomb:1   | Got a pair of ichor-stained boots
 77035 | Tomb:1   | Paralysed by a Zot trap for 5 turns
 78679 | Tomb:3   | Entered Level 3 of the Tomb of the Ancients
 81811 | Tomb:3   | Noticed Khufu
 81850 | Tomb:2   | Killed Khufu
 82152 | Tomb:3   | Noticed an ancient lich
 82159 | Tomb:3   | Got a golden rune of Zot
 82174 | Tomb:3   | Killed an ancient lich
 82522 | Tomb:3   | Identified Sif Muna's Volume of Displacement and Changing
 82524 | Tomb:3   | Got a shimmering diamond amulet
 82553 | Tomb:3   | Got a smoking lapis lazuli ring
 82572 | Tomb:3   | Identified the amulet of Megalomania {+Rage rPois} (You found it on level 3 of the Tomb of the Ancients)
 82573 | Tomb:3   | Identified the ring of the Good {Fire rPois Dex+3} (You found it on level 3 of the Tomb of the Ancients)
 82574 | Tomb:3   | Identified the +3 pair of boots of Valour {Stlth+} (You found it on level 1 of the Tomb of the Ancients)
 83689 | Lair:1   | Bought the +5 helmet of Pathos {rElec Str+3 SInv Stlth+} for 681 gold pieces
 83691 | Lair:1   | Bought a scroll of teleportation for 42 gold pieces
 83691 | Lair:1   | Bought a scroll of blinking for 105 gold pieces
 83691 | Lair:1   | Bought a scroll of teleportation for 42 gold pieces
 83693 | Lair:1   | Bought the ring "Ycuan" {SustAt rPois Int+7} for 694 gold pieces
 83693 | Lair:1   | Bought the ring of Ogynk {SustAt Dex+3} for 492 gold pieces
 83882 | D:4      | Fell from the grace of Gozag
 83882 | D:4      | Became a worshipper of Makhleb the Destroyer
 84286 | Hell     | Found a gateway to the Iron City of Dis.
 84352 | Hell     | Found a gateway to the ashen valley of Gehenna.
 84861 | Depths:1 | Reached * piety under Makhleb
 85331 | Orc:4    | Bought a scroll of enchant weapon for 105 gold pieces
 85642 | Hell     | Found a gateway to the freezing wastes of Cocytus.
 85905 | Depths:5 | Noticed Mennas
 86047 | Depths:5 | Reached ** piety under Makhleb
 86144 | Depths:5 | Reached skill level 15 in Spellcasting
 86205 | Depths:5 | Killed Mennas
 86398 | Depths:5 | Got a brightly glowing battleaxe
 86399 | Depths:5 | Identified the +8 battleaxe of the Fifty Seas {chop, *Drain rN+ Dex+4} (You found it on level 5 of the Depths)
 86538 | Depths:5 | Reached *** piety under Makhleb
 86570 | Depths:5 | Found a gate to the Realm of Zot.
 87122 | Hell     | Hired Wuarim Vurae the big kobold for 105 gold.
 87795 | Slime:2  | Reached **** piety under Makhleb
 88366 | Slime:3  | Reached ***** piety under Makhleb
 90072 | Slime:6  | Entered Level 6 of the Pits of Slime
 90131 | Slime:6  | Noticed the royal jelly
 90431 | Slime:6  | Found a viscous altar of Jiyva.
 90502 | Slime:6  | Killed the royal jelly
 90502 | Slime:6  | Reached ****** piety under Makhleb
 90825 | Slime:6  | Identified the Disquisition on the Lethal Volcanoes
 90842 | Slime:6  | Identified the Volume of Lightness
 90972 | Slime:6  | Got a steaming cloak
 90976 | Slime:6  | Got a slimy rune of Zot
 90978 | Slime:6  | Got a ring of the Octopus King
 90989 | Slime:6  | Identified a ring of the Octopus King {rF+ AC+1 EV+1 Str+1 Int+1 Dex+1} (You found it on level 6 of the Pits of Slime)
 91049 | Slime:5  | Identified the -4 cloak "Umonuget" {rCorr Str+3} (You found it on level 6 of the Pits of Slime)
 91070 | Slime:5  | Learned a level 9 spell: Tornado
 91358 | Hell     | Your ally Wuarim Vurae died
 91899 | Zot:1    | Entered Level 1 of the Realm of Zot
 92172 | Zot:1    | Reached skill level 15 in Charms
 94618 | Zot:4    | Noticed an orb of fire
 94641 | Zot:4    | Killed an orb of fire
 94794 | Zot:4    | Was forgiven by Gozag
 95321 | Zot:5    | Entered Level 5 of the Realm of Zot
 95343 | Zot:5    | Found a stormy altar of Qazlal.
 95724 | Zot:5    | Noticed an ancient lich
 95742 | Zot:5    | Noticed an ancient lich
 95743 | Zot:5    | Noticed an orb of fire
 95743 | Zot:5    | Noticed an orb of fire
 95743 | Zot:5    | Noticed an orb of fire
 95743 | Zot:5    | Noticed an orb of fire
 95743 | Zot:5    | Noticed an orb of fire
 95746 | Zot:5    | Killed an ancient lich
 96709 | Elf:3    | You paid a toll of a +3 storm dragon armour to enter a treasure trove
 96710 | Trove    | Entered a treasure trove
 96720 | Trove    | Got a flickering brass ring
 96728 | Trove    | Got a shimmering dagger
 96730 | Trove    | Got a shimmering glaive
 96732 | Trove    | Got a blackened scale mail
 96778 | Elf:3    | Identified the ring of the Blue Skies {rF+ rC+} (You found it in a treasure trove)
 97219 | Pan      | Entered Pandemonium
 97425 | Pan      | Found an exit through the horrors of the Abyss.
 97996 | Pan      | Noticed Wolygg the pandemonium lord
 98015 | Pan      | HP: 3/199 [something the pandemonium lord/orb of electricity (12)]
 98067 | Pan      | HP: 7/199 [reaper/scythe of slicing (36)]
 98076 | Pan      | Killed from afar by Wolygg the pandemonium lord

Action                   |  1- 3 |  4- 6 |  7- 9 | 10-12 | 13-15 | 16-18 | 19-21 | 22-24 | 25-27 || total
-------------------------+-------+-------+-------+-------+-------+-------+-------+-------+-------++-------
Melee: Hand axe          |   136 |   172 |   197 |       |   130 |       |       |       |       ||   635
       War axe           |       |       |   149 |   694 |   924 |       |       |       |       ||  1767
       Executioner's axe |       |       |       |       |   315 |  1126 |  1735 |  1971 |  3881 ||  9028
 Fire: Blowgun           |       |       |     1 |       |       |       |       |       |       ||     1
 Cast: Infusion          |    26 |    23 |    12 |     5 |     2 |     8 |     1 |       |       ||    77
       Shroud of Golubri |     2 |     3 |    18 |    51 |    25 |    15 |     5 |     2 |     4 ||   125
       Spectral Weapon   |       |       |    52 |   116 |   112 |   105 |    92 |    26 |   149 ||   652
       Summon Butterflie |       |       |     3 |     4 |     1 |       |       |       |       ||     8
       Repel Missiles    |       |       |       |       |     6 |    19 |    18 |    16 |     1 ||    60
       Blink             |       |       |       |       |       |       |       |       |    10 ||    10
       Haste             |       |       |       |       |       |       |       |       |    28 ||    28
Invok: Potion Petition   |       |     1 |       |     2 |     1 |       |       |       |     4 ||     8
       Call Merchant     |       |       |       |     4 |     2 |     1 |     2 |     1 |     3 ||    13
 Abil: Evoke Invisibilit |       |       |       |       |       |       |     1 |       |       ||     1
       Evoke Flight      |       |       |       |       |       |       |       |       |     2 ||     2
Evoke: Fan of gales      |       |       |       |     2 |       |     1 |       |       |       ||     3
       Wand              |       |       |       |     2 |    14 |     1 |     6 |    11 |    18 ||    52
       Stone of tremors  |       |       |       |     1 |     1 |     1 |       |       |       ||     3
       Lamp of fire      |       |       |       |       |     2 |     1 |       |       |       ||     3
       Deck              |       |       |       |       |     3 |     3 |     1 |       |     1 ||     8
       Rod               |       |       |       |       |     1 |     1 |     1 |       |       ||     3
  Use: Scroll            |     4 |     4 |     1 |    11 |    27 |     7 |    22 |     9 |    46 ||   131
 Stab: Distracted        |       |     1 |     5 |     6 |    20 |    22 |    40 |    43 |    62 ||   199
       Paralysed         |       |       |     1 |       |     5 |       |       |       |       ||     6
       Invisible         |       |       |       |    12 |       |       |       |       |       ||    12
       Petrified         |       |       |       |       |     9 |       |     2 |       |       ||    11
       Sleeping          |       |       |       |       |     4 |     7 |    19 |     8 |    25 ||    63
       Held in net/web   |       |       |       |       |       |       |       |       |     1 ||     1
       Confused          |       |       |       |       |       |       |       |       |     1 ||     1
